 Dungeon Crawl Stone Soup version 0.29.1-12-g30fa7ad0bf (webtiles) character file.

Game seed: 14657940283782487426

181027 112233 the Acrobat (level 17, -8/147 (150) HPs)
             Began as a Merfolk Gladiator on Dec 23, 2022.
             Was the Champion of Jiyva.
             Mangled by a deep elf blademaster
             ... wielding a +0 rapier
              (22 damage)
             ... on level 2 of the Elven Halls on Dec 24, 2022.
             The game lasted 00:47:54 (26936 turns).

112233 the Acrobat (Merfolk Gladiator)             Turns: 26936, Time: 00:47:54

HP:   -8/147 (150)  AC: 10    Str: 23    XL:     17   Next: 93%
MP:   22/22         EV: 31    Int: 11    God:    Jiyva [******]
Gold: 1355          SH:  0    Dex: 22    Spells: 16/16 levels left

rFire   + + +      SeeInvis +   N - +2 glaive (vorpal)
rCold   + . .      Faith    .   (shield currently unavailable)
rNeg    + . .      Spirit   .   I - +0 ring mail of Submission {+Inv Will+ Str+3}
rPois   +          Reflect  .   (helmet restricted)
rElec   .          Harm     .   V - scarf {rC+ rF+}
rCorr   +          Rampage  .   g - +0 pair of gloves
Will    +++++      Clarity  +   p - +0 pair of boots
Stlth   +++++.....              a - amulet of the Four Winds {rN+ Will+++ Clar}
HPRegen 1.94/turn               i - ring of see invisible
MPRegen 0.68/turn               (no ring)

@: about to teleport, marked, calling ooze, studying Earth Magic, lightly
drained
A: (nimble swimmer 2), mertail, horns 2, thin skeletal structure 3, clever 1,
fire resistance 2, high MP 3, strong-willed 2, poison resistance, acidic bite,
gelatinous body 1, translucent skin 1, MP-powered wands
}: 1/15 runes: slimy
a: Renounce Religion, Evoke Invisibility, Oozemancy, Slimify


You were on level 2 of the Elven Halls.
You worshipped Jiyva.
Jiyva was exalted by your worship.
You visited 5 branches of the dungeon, and saw 30 of its levels.
You also visited: Ice Cave.

You collected 1999 gold pieces.
You spent 644 gold pieces at shops.

Inventory:

Hand Weapons
 f - the +9 staff of Olgreb {rPois∞}
   (You took it off a deep elf elementalist on level 3 of the Elven Halls)

   If the wielder is skilled in Evocations, they can envenom those struck by it,
   dealing poison damage which bypasses armour.
   It enhances your poison magic.
   It grants immunity to poison.
   It can be activated via the 'a'bility menu to radiate toxic energy, with
   effectiveness depending on Evocations skill.
 N - a +2 vorpal glaive (weapon)
Missiles
 d - 2 throwing nets (quivered)
 o - 6 silver javelins
 Q - 4 curare-tipped darts
Armour
 g - a +0 pair of gloves (worn)
 p - a +0 pair of boots (worn)
 w - the +1 robe of Fallacy {rC+ rN+ Str+2 Int+3}
   (You took it off a deep elf pyromancer on level 3 of the Elven Halls)

   Str:       It affects your strength (+2).
   Int:       It affects your intelligence (+3).
   rC:        It protects you from cold.
   rN:        It protects you from negative energy.
 I - the +0 ring mail of Submission (worn) {+Inv Will+ Str+3}
   (You found it on level 8 of the Dungeon)

   Str:       It affects your strength (+3).
   +Inv:      It lets you turn invisible.
   Will:      It increases your willpower.
 V - a scarf of resistance (worn)
Magical Staves
 j - a staff of earth
 C - a staff of conjuration
 Z - a staff of air
Jewellery
 a - the amulet of the Four Winds (around neck) {rN+ Will+++ Clar}
   (You found it on level 5 of the Pits of Slime)

   [amulet of nothing]

   rN:        It protects you from negative energy.
   Clar:      It protects you against confusion.
   Will:      It greatly increases your willpower.
 b - an amulet of the acrobat
 i - a ring of see invisible (left hand)
 k - the ring "Jiuju" {Fly Str+3 Dex+4}
   (You took it off a deep elf zephyrmancer on level 3 of the Elven Halls)

   [ring of flight]

   Str:       It affects your strength (+3).
   Dex:       It affects your dexterity (+4).
   Fly:       It grants you flight.
 z - the ring "Pepeloskyh" {rElec rPois MP-9 Str+6 Dex+6}
   (You took it off a deep elf pyromancer on level 3 of the Elven Halls)

   [ring of strength]

   Str:       It affects your strength (+6).
   Dex:       It affects your dexterity (+6).
   rElec:     It insulates you from electricity.
   rPois:     It protects you from poison.
   MP:        It affects your magic capacity (-9).
 P - the ring of Autumn {rC+ Will+ Int+3}
   (You took it off a deep elf knight on level 3 of the Elven Halls)

   [ring of protection from cold]

   Int:       It affects your intelligence (+3).
   rC:        It protects you from cold.
   Will:      It increases your willpower.
 T - a ring of willpower
 Y - a ring of positive energy
Wands
 l - a wand of charming (5)
 x - a wand of flame (17)
 y - a wand of digging (9)
 L - a wand of iceblast (6)
Scrolls
 c - 3 scrolls of silence
 e - a scroll of teleportation
 h - 3 scrolls of fog
 q - 2 scrolls of poison
 r - 7 scrolls of fear
 A - 2 scrolls of enchant armour
 G - 2 scrolls of brand weapon
 J - 2 scrolls of enchant weapon
 K - a scroll of torment
 M - 3 scrolls of magic mapping
 O - 3 scrolls of immolation
 W - 2 scrolls of amnesia
Potions
 m - 2 potions of berserk rage {unknown}
 s - 6 potions of mutation
 u - 4 potions of brilliance
 D - a potion of might
 E - 4 potions of flight
 F - 2 potions of invisibility
 H - a potion of cancellation
 S - 3 potions of haste
 U - a potion of lignification
 X - 2 potions of curing
Miscellaneous
 t - a phial of floods
 v - a box of beasts
 R - a tin of tremorstones (inert)


   Skills:
 + Level 18.2 Fighting
 * Level 21.7 Polearms
 - Level 2.0 Throwing
 + Level 7.0 Armour
 + Level 24.8 Dodging


You had 16 spell levels left.
You didn't know any spells.
Your spell library contained the following spells:

 Spells                   Type           Power      Damage    Failure   Level
 Magic Dart               Conj           0%         1d3       45%         1
 Call Imp                 Summ           0%         N/A       61%         2
 Ignite Poison            Fire/Tmut/Pois 0%         N/A       83%         3
 Mephitic Cloud           Conj/Pois/Air  0%         N/A       83%         3
 Ozocubu's Armour         Ice            0%         N/A       83%         3
 Portal Projectile        Hex/Tloc       0%         N/A       83%         3
 Spider Form              Tmut/Pois      0%         N/A       83%         3
 Summon Guardian Golem    Hex/Summ       0%         N/A       83%         3
 Tukima's Dance           Hex            0%         N/A       83%         3
 Olgreb's Toxic Radiance  Pois           0%         N/A       99%         4
 Sticky Flame             Conj/Fire      0%         2d3       99%         4
 Summon Ice Beast         Ice/Summ       0%         N/A       99%         4
 Alistair's Intoxication  Tmut/Pois      0%         N/A       100%        5
 Blade Hands              Tmut           0%         N/A       100%        5
 Fireball                 Conj/Fire      0%         3d3       100%        5
 Freezing Cloud           Conj/Ice/Air   0%         6-21      100%        5
 Iskenderun's Battlesphe  Conj           0%         2d6       100%        5
 Summon Mana Viper        Hex/Summ       0%         N/A       100%        5
 Iron Shot                Conj/Erth      0%         9d1       100%        6
 Starburst                Conj/Fire      0%         6d3       100%        6
 Haunt                    Necr/Summ      0%         N/A       100%        7
 Ozocubu's Refrigeration  Ice            0%         4d7       100%        7
 Spellforged Servitor     Conj/Summ      0%         N/A       100%        7


Dungeon Overview and Level Annotations

Branches:
Dungeon (15/15)            Temple (0/1) D:7            Lair (5/5) D:9
  Swamp (0/4) Lair:3       Spider (0/4) Lair:2        Slime (5/5) Lair:5
    Orc (2/2) D:12            Elf (3/3) Orc:2        Vaults (0/5) D:14
 Depths (0/4) D:15          IceCv (visited)

Altars:
Ashenzari
Dithmenos
Kikubaaqudgha
Nemelex Xobeh
Okawaru
Vehumet
Wu Jian
Xom
The Shining One
Jiyva

Shops:
D:4 :   D:13 !   Orc:2 :!!(   Elf:2 :(

Portals:
Trove: D:14 (give 16 potions of curing)

Annotations:
D:5 1 runed translucent door, Crazy Yiuf
Lair:3 1 runed translucent door
Slime:5 Royal Jelly
Orc:1 1 runed translucent door, Xelitey Juot's ghost, novice MiFi
Orc:2 1 runed translucent door
Elf:3 3 runed translucent doors, kalagan's ghost, adept DECj


Innate Abilities, Weirdness & Mutations

((You are very nimble when in or above water. (Stealth+, EV+, Speed+++)))
Your lower body shifts to a powerful aquatic tail in water.
You have a pair of horns on your head.
You have an unnaturally thin skeletal structure. (Dex +6, Stealth+++)
Your mind is acute. (Int +4, Str/Dex -1)
Your flesh is very heat resistant. (rF++)
You have a greatly increased reservoir of magic. (+30% MP)
You are highly strong-willed. (Will++)
Your system is resistant to poisons. (rPois)
You have acidic saliva.
Your rubbery body absorbs attacks. (AC +1, EV +1)
Your translucent skin slightly reduces your foes' accuracy. (Stealth+)
You expend magic power (3 MP) to strengthen your wands.


Message History

The walls burn the +4 morningstar of draining!
The +4 morningstar of draining completely misses you.
The walls burn the deep elf blademaster!
The deep elf blademaster hits you but does no damage.
The deep elf blademaster misses you.
The walls burn the +0 war axe of electrocution!
The walls burn the +1 war axe of electrocution!
The walls burn the +4 morningstar of draining!
The +4 morningstar of draining hits you!
* * * LOW HITPOINT WARNING * * *
You partially resist.
You feel drained.
* * * LOW HITPOINT WARNING * * *
A deep elf pyromancer comes into view. It is wielding a +0 dagger.
Okay, then.
Unknown command.
Okay, then.
As you read the scroll of teleportation, it crumbles to dust.
You feel strangely unstable.
The walls burn the deep elf blademaster!
The deep elf blademaster hits you with a +0 rapier!
* * * LOW HITPOINT WARNING * * *
The deep elf blademaster barely misses you.
The walls burn the +0 war axe of electrocution!
The walls burn the +1 war axe of electrocution!
The +1 war axe of electrocution closely misses you.
The walls burn the +4 morningstar of draining!
The +4 morningstar of draining completely misses you.
The walls burn the deep elf blademaster!
The deep elf blademaster completely misses you.
The deep elf blademaster hits you with a +0 rapier!
* * * LOW HITPOINT WARNING * * *
The walls burn the +1 executioner's axe of electrocution!
The walls burn the +0 war axe of electrocution!
The walls burn the +1 war axe of electrocution!
The +1 war axe of electrocution misses you.
The +4 morningstar of draining attacks as you move away!
The +4 morningstar of draining closely misses you.
The deep elf blademaster attacks as you move away!
The deep elf blademaster hits you with a +0 rapier!!
You die...

#...........######
####.##.............# #####
##.<#.##.#.#.#.#.#.#.# ##....
#.....##.............# #.....
#.....##.#..#####..#.# #.....
#..>...'...##...##J..# #.....
#......#.#.#.....#.#.# #.....
#......#...#.....#...# #.....
#......#.#.'..@..'.#.# ###...
#......#...#.(e(.#...######....
#......#.#.###(###.#......'....
#......#...#..(..#....<...'....
#......'.#.#.....#.#.#..###....
#......#...#...).#..J#..# #....
#############e')######### #####
#### ######...###### #
##...##.............# #


You could see a deep elf blademaster, a deep elf pyromancer and 4 dancing
weapons.

Vanquished Creatures
  2 deep elf blademasters (Elf:3)
  A sphinx (D:13)
  Frances (D:12)
  Gastronok (Lair:2)
  A frost giant (IceCv)
  7 deep elf sorcerers
  5 deep elf elementalists (Elf:3)
  5 deep elf demonologists (Elf:3)
  Nessos (Orc:2)
  5 deep elf annihilators
  4 deep elf death magi (Elf:3)
  A fire dragon (Lair:5)
  3 deep elf high priests (Elf:3)
  6 hydras
  3 vault guards (D:14)
  Erica (D:11)
  4 boulder beetles
  2 death knights (D:12)
  A centaur warrior (D:15)
  An ogre mage (Orc:2)
  8 two-headed ogres
  A catoblepas (Lair:5)
  22 dancing weapons
  Urug (Lair:1)
  5 death yaks (IceCv)
  An orc high priest (Elf:1)
  10 deep elf knights
  Nergalle (Orc:2)
  2 bog bodies (Lair:3)
  A lindwurm (Lair:5)
  9 deep elf archers
  3 orc knights
  2 wizards
  29 deep elf pyromancers
  29 deep elf zephyrmancers
  16 ugly things
  5 manticores
  A necromancer (D:15)
  9 orc sorcerers
  A wolf spider (D:13)
  3 cyclopes
  2 naga magi (D:15)
  4 black mambas
  A centaur zombie (D:15)
  3 centaur skeletons (D:15)
  2 torpor snails
  4 gargoyles
  An unseen horror (D:12)
  16 komodo dragons
  2 molten gargoyles (Lair:5)
  A kobold demonologist (Elf:1)
  7 rime drakes
  14 cane toads
  7 trolls
  A tarantella (shapeshifter) (Elf:3)
  6 polar bears
  A wind drake (shapeshifter) (Elf:2)
  8 blink frogs (Lair:4)
  4 meliai (D:14)
  Grinder (D:5)
  4 dream sheep
  A meliai zombie (D:15)
  A culicivora (shapeshifter) (D:15)
  A shadow (D:13)
  2 vampires
  2 air elementals (Elf:3)
  3 wraiths
  8 wyverns
  Eustachio (D:4)
  5 basilisks
  67 yaks
  A water elemental (D:13)
  Grum (D:8)
  A redback (shapeshifter) (D:13)
  8 vampire mosquitoes
  3 fire elementals (Elf:3)
  2 steam dragons
  3 wargs
  2 swamp worms (Lair:3)
  4 hell hounds (Lair:5)
  4 acid dragons
  15 water moccasins
  14 orc warriors
  An ice beast (D:7)
  A black bear (D:6)
  15 wolves
  A boggart (Elf:1)
  8 ogres
  5 centaurs
  A phantom (D:4)
  8 kobold brigands
  3 earth elementals
  3 gnoll sergeants
  10 bullfrogs
  A scorpion (D:6)
  3 wights (D:9)
  13 killer bees
  4 electric eels
  8 howler monkeys
  5 lava snakes (Lair:5)
  A gnoll bouda (D:6)
  11 orc priests
  6 hounds
  Ijyb (D:5)
  19 orc wizards
  5 hell rats (Lair:4)
  5 iguanas
  16 gnolls
  10 adders
  2 shadow imps
  14 white imps
  An ufetubus (D:7)
  3 worms
  A dart slug (D:1)
  42 orcs
  5 ball pythons
  2 bats
  3 endoplasms (D:1)
  A giant cockroach (D:2)
  2 hobgoblins
  6 jackals
  3 quokkas
  3 frilled lizards
  5 goblins
  12 kobolds
  8 rats
729 creatures vanquished.

Vanquished Creatures (collateral kills)
  2 deep elf master archers (Elf:3)
  2 deep elf elementalists (Elf:3)
  An orc sorcerer (Orc:2)
  A cane toad (Lair:4)
  5 dream sheep (Lair:4)
  A water moccasin (Lair:4)
12 creatures vanquished.

Vanquished Creatures (others)
  A deep elf death mage (Elf:3)
  A vault guard (D:14)
  2 centaur warriors (D:14)
  A deep troll earth mage (D:13)
  2 deep elf knights
  A deep elf archer (Elf:1)
  A harpy (shapeshifter) (D:12)
  2 deep elf pyromancers
  A manticore (D:14)
  An efreet (D:14)
  A rime drake (Lair:2)
  A dream sheep (Lair:5)
  7 slime creatures (D:14)
  A wyvern (D:9)
  2 water moccasins (Lair:4)
  A black bear (D:5)
  2 ogres (Orc:2)
  A wolf (IceCv)
  3 bullfrogs
  116 jellies
  4 orc priests
  2 iguanas
  8 orc wizards
  A worm (D:2)
  21 orcs
  2 ball pythons
  An endoplasm (D:4)
  A giant cockroach (D:2)
  A goblin (D:2)
  5 kobolds
  3 rats
  85 fungi
  123 plants
405 creatures vanquished.

Grand Total: 1146 creatures vanquished

Notes
Turn   | Place    | Note
-------+----------+-------------------------------------------
     0 | D:1      | 112233 the Merfolk Gladiator began the quest for the Orb.
     0 | D:1      | Reached XP level 1. HP: 16/16 MP: 1/1
    89 | D:1      | Reached XP level 2. HP: 22/22 MP: 2/2
   117 | D:1      | Reached skill level 5 in Polearms
   288 | D:1      | Found a faded altar of an unknown god.
   301 | D:1      | Prayed at the altar of an unknown god.
   301 | D:1      | Became a worshipper of Jiyva Jaighewu the Shapeless
   301 | D:1      | Reached * piety under Jiyva
   381 | D:1      | Reached XP level 3. HP: 27/27 MP: 3/3
   635 | D:1      | Reached ** piety under Jiyva
  1530 | D:3      | Reached XP level 4. HP: 27/33 MP: 4/4
  1639 | D:3      | Reached *** piety under Jiyva
  1665 | D:3      | Got the Atlas of Confrontation and Pollution
  1681 | D:3      | Gained mutation: Your spells are a little harder to cast,
                  | but a little more powerful. [Jiyva's grace]
  1681 | D:3      | Gained mutation: Your spells are harder to cast, but more
                  | powerful. [Jiyva's grace]
  1681 | D:3      | Gained mutation: Your spells are much harder to cast, but
                  | much more powerful. [Jiyva's grace]
  1681 | D:3      | Gained mutation: Your translucent skin slightly reduces
                  | your foes' accuracy. (Stealth+) [Jiyva's grace]
  1765 | D:3      | Found a shadowy altar of Dithmenos.
  2249 | D:4      | Reached XP level 5. HP: 38/38 MP: 5/5
  2282 | D:4      | Reached **** piety under Jiyva
  2329 | D:4      | Found Wuxeweush's Book Emporium.
  2524 | D:4      | Reached XP level 6. HP: 34/44 MP: 6/6
  2654 | D:4      | Noticed Eustachio
  2712 | D:4      | Killed Eustachio
  2741 | D:4      | Reached skill level 10 in Polearms
  2741 | D:4      | Reached XP level 7. HP: 35/50 MP: 7/7
  2945 | D:5      | Entered Level 5 of the Dungeon
  2976 | D:5      | Noticed Grinder
  3011 | D:5      | Paralysed by Grinder for 3 turns
  3021 | D:5      | Killed Grinder
  3077 | D:5      | Found a sparkling altar of Nemelex Xobeh.
  3250 | D:5      | Reached XP level 8. HP: 17/56 MP: 8/8
  3365 | D:5      | Lost mutation: Your translucent skin slightly reduces your
                  | foes' accuracy. (Stealth+) [Jiyva's grace]
  3365 | D:5      | Gained mutation: You have acidic saliva. [Jiyva's grace]
  3365 | D:5      | Gained mutation: You have a pair of small horns on your
                  | head. [Jiyva's grace]
  3365 | D:5      | Gained mutation: You have a pair of horns on your head.
                  | [Jiyva's grace]
  3365 | D:5      | Gained mutation: You have a pair of large horns on your
                  | head. [Jiyva's grace]
  3577 | D:5      | Noticed Ijyb
  3607 | D:5      | Killed Ijyb
  3695 | D:5      | Found a runed translucent door.
  3696 | D:5      | Noticed Crazy Yiuf
  4645 | D:6      | Reached skill level 5 in Dodging
  4671 | D:6      | Noticed a gargoyle
  4684 | D:6      | Reached skill level 6 in Dodging
  4684 | D:6      | Reached XP level 9. HP: 51/64 MP: 6/9
  4687 | D:6      | Killed a gargoyle
  4691 | D:6      | Reached skill level 7 in Dodging
  4758 | D:6      | Noticed a two-headed ogre
  4765 | D:6      | Killed a two-headed ogre
  4766 | D:6      | Reached skill level 8 in Dodging
  5168 | D:7      | Reached skill level 5 in Fighting
  5185 | D:7      | Found an ornate altar of the Wu Jian Council.
  5270 | D:7      | Reached skill level 9 in Dodging
  5314 | D:7      | Lost mutation: You have a pair of large horns on your head.
                  | [Jiyva's grace]
  5314 | D:7      | Lost mutation: You have a pair of horns on your head.
                  | [Jiyva's grace]
  5314 | D:7      | Lost mutation: Your spells are much harder to cast, but
                  | much more powerful. [Jiyva's grace]
  5314 | D:7      | Lost mutation: You have acidic saliva. [Jiyva's grace]
  5314 | D:7      | Gained mutation: Your melee attacks may engulf your foes in
                  | ooze. [Jiyva's grace]
  5314 | D:7      | Gained mutation: You are covered in fur. (AC +1) [Jiyva's
                  | grace]
  5314 | D:7      | Gained mutation: You are covered in thick fur. (AC +2)
                  | [Jiyva's grace]
  5314 | D:7      | Gained mutation: Your thick and shaggy fur keeps you warm.
                  | (AC +3, rC+) [Jiyva's grace]
  5394 | D:7      | Found a staircase to the Ecumenical Temple.
  5449 | D:7      | Noticed a two-headed ogre
  5457 | D:7      | Killed a two-headed ogre
  5458 | D:7      | Reached skill level 15 in Polearms
  5458 | D:7      | Reached skill level 10 in Dodging
  5458 | D:7      | Reached XP level 10. HP: 47/76 MP: 8/10
  6008 | D:8      | Reached skill level 11 in Dodging
  6106 | D:8      | Noticed Grum
  6128 | D:8      | Killed Grum
  6207 | D:8      | Identified the +0 ring mail of Submission {+Inv Will+
                  | Str+3}
  6436 | D:8      | Identified the +8 quarterstaff of Tender Mercy {holy, Drain
                  | rF+ rC+ Will+}
  6858 | D:9      | Reached skill level 12 in Dodging
  6924 | D:9      | Reached XP level 11. HP: 84/84 MP: 11/11
  7251 | D:9      | Found a staircase to the Lair.
  7272 | D:9      | Reached skill level 13 in Dodging
  7654 | D:9      | Found a glowing golden altar of the Shining One.
  7681 | D:10     | Entered Level 10 of the Dungeon
  7750 | D:10     | Lost mutation: Your thick and shaggy fur keeps you warm.
                  | (AC +3, rC+) [Jiyva's grace]
  7750 | D:10     | Lost mutation: Your spells are harder to cast, but more
                  | powerful. [Jiyva's grace]
  7750 | D:10     | Lost mutation: Your spells are a little harder to cast, but
                  | a little more powerful. [Jiyva's grace]
  7750 | D:10     | Gained mutation: You have a pair of horns on your head.
                  | [Jiyva's grace]
  7750 | D:10     | Gained mutation: You have a pair of large horns on your
                  | head. [Jiyva's grace]
  7750 | D:10     | Gained mutation: You have acidic saliva. [Jiyva's grace]
  7750 | D:10     | Gained mutation: You have hidden genetic potential.
                  | [Jiyva's grace]
  8289 | D:11     | Noticed a boulder beetle
  8304 | D:11     | Noticed a two-headed ogre
  8305 | D:11     | Identified the +2 leather armour "Coxt" {Fly rElec SInv}
  8305 | D:11     | Noticed Erica
  8417 | D:12     | Noticed a two-headed ogre
  8423 | D:12     | Killed a two-headed ogre
  8424 | D:12     | Reached skill level 14 in Dodging
  8485 | D:12     | Found a staircase to the Orcish Mines.
  8589 | D:12     | Noticed a manticore
  8594 | D:12     | Killed a manticore
  8595 | D:12     | Reached skill level 15 in Dodging
  8597 | D:12     | Noticed a cyclops
  8599 | D:12     | Noticed a manticore
  8605 | D:12     | Killed a cyclops
  8608 | D:12     | Killed a manticore
  8613 | D:12     | Reached XP level 12. HP: 31/95 MP: 12/12
  8683 | D:12     | Noticed a death knight
  8698 | D:12     | Killed a death knight
  8765 | D:12     | Noticed a boulder beetle
  8767 | D:12     | Noticed a death knight
  8776 | D:12     | Noticed a boulder beetle
  8783 | D:12     | Killed a death knight
  8784 | D:12     | Reached skill level 16 in Dodging
  8939 | D:12     | Gained mutation: Your mind is acute. (Int +4, Str/Dex -1)
                  | [hidden potential]
  8967 | D:12     | Noticed a six-headed hydra
  9005 | D:12     | Noticed a boulder beetle
  9027 | D:12     | Reached skill level 10 in Fighting
  9119 | D:12     | Killed a boulder beetle
  9120 | D:12     | Noticed Frances
  9124 | D:12     | Noticed a sun demon
  9554 | Orc:1    | Entered Level 1 of the Orcish Mines
  9750 | D:11     | Lost mutation: You have a pair of large horns on your head.
                  | [Jiyva's grace]
  9750 | D:11     | Lost mutation: Your melee attacks may engulf your foes in
                  | ooze. [Jiyva's grace]
  9750 | D:11     | Gained mutation: You are agile. (Dex +4, Str/Int -1)
                  | [Jiyva's grace]
  9750 | D:11     | Gained mutation: You are very agile. (Dex +8, Str/Int -2)
                  | [Jiyva's grace]
  9750 | D:11     | Gained mutation: Your translucent skin slightly reduces
                  | your foes' accuracy. (Stealth+) [Jiyva's grace]
  9750 | D:11     | Gained mutation: Your translucent skin reduces your foes'
                  | accuracy. (Stealth+) [Jiyva's grace]
  9861 | D:11     | Killed a boulder beetle
 10128 | D:11     | Killed a two-headed ogre
 10129 | D:11     | Reached skill level 17 in Dodging
 10136 | D:11     | Killed Erica
 10258 | D:11     | Noticed a two-headed ogre
 10266 | D:11     | Killed a two-headed ogre
 10431 | D:11     | Noticed a two-headed ogre
 10440 | D:11     | Killed a two-headed ogre
 10807 | Lair:1   | Entered Level 1 of the Lair of Beasts
 10861 | Lair:1   | Identified the +7 war axe of a bazaar {flame, Dex+3}
 10869 | Lair:1   | Reached skill level 18 in Dodging
 10948 | Lair:1   | Noticed a five-headed hydra
 10969 | Lair:1   | Killed a five-headed hydra
 10972 | Lair:1   | Reached XP level 13. HP: 66/106 MP: 13/13
 11080 | Lair:1   | Noticed Urug
 11117 | Lair:1   | Killed Urug
 11155 | Lair:1   | Reached skill level 19 in Dodging
 11159 | Lair:1   | Gained mutation: Your flesh is cold resistant. (rC+)
                  | [hidden potential]
 11159 | Lair:1   | Lost mutation: You have hidden genetic potential. [hidden
                  | potential expressed]
 11754 | Lair:2   | Found a frozen archway.
 11884 | IceCv    | Entered an ice cave
 12211 | IceCv    | Reached skill level 20 in Dodging
 12643 | IceCv    | Noticed a frost giant
 12665 | IceCv    | Killed a frost giant
 13309 | Lair:2   | Noticed Gastronok
 13421 | Lair:2   | Lost mutation: You have a pair of horns on your head.
                  | [Jiyva's grace]
 13421 | Lair:2   | Lost mutation: You have a pair of small horns on your head.
                  | [Jiyva's grace]
 13421 | Lair:2   | Lost mutation: You are covered in thick fur. (AC +2)
                  | [Jiyva's grace]
 13421 | Lair:2   | Gained mutation: You are covered in slimy tendrils that may
                  | disarm your opponents. [Jiyva's grace]
 13421 | Lair:2   | Gained mutation: You have a small jelly attached to you
                  | that may absorb projectiles. [Jiyva's grace]
 13421 | Lair:2   | Gained mutation: A frigid envelope surrounds you and
                  | freezes all who hurt you. [Jiyva's grace]
 13421 | Lair:2   | Lost mutation: Your translucent skin reduces your foes'
                  | accuracy. (Stealth+) [Jiyva's grace]
 13421 | Lair:2   | Lost mutation: Your translucent skin slightly reduces your
                  | foes' accuracy. (Stealth+) [Jiyva's grace]
 13421 | Lair:2   | Gained mutation: Your skin changes colour to match your
                  | surroundings (Stealth+). [Jiyva's grace]
 13479 | Lair:2   | Found a hole to the Spider Nest.
 13662 | Lair:2   | Killed Gastronok
 13663 | Lair:2   | Reached XP level 14. HP: 77/118 MP: 14/14
 14293 | Lair:3   | Reached ***** piety under Jiyva
 14474 | Lair:3   | Found a staircase to the Swamp.
 14616 | Lair:3   | Lost mutation: You are very agile. (Dex +8, Str/Int -2)
                  | [Jiyva's grace]
 14616 | Lair:3   | Lost mutation: A frigid envelope surrounds you and freezes
                  | all who hurt you. [Jiyva's grace]
 14616 | Lair:3   | Lost mutation: You are covered in slimy tendrils that may
                  | disarm your opponents. [Jiyva's grace]
 14616 | Lair:3   | Gained mutation: Your rubbery body absorbs attacks. (AC +1,
                  | EV +1) [Jiyva's grace]
 14616 | Lair:3   | Gained mutation: Your pliable body absorbs attacks. (AC +2,
                  | EV +2) [Jiyva's grace]
 14616 | Lair:3   | Gained mutation: Your gelatinous body deflects attacks. (AC
                  | +3, EV +3) [Jiyva's grace]
 14616 | Lair:3   | Lost mutation: Your skin changes colour to match your
                  | surroundings (Stealth+). [Jiyva's grace]
 14616 | Lair:3   | Gained mutation: Your translucent skin slightly reduces
                  | your foes' accuracy. (Stealth+) [Jiyva's grace]
 14662 | Lair:3   | Reached skill level 21 in Dodging
 14709 | Lair:3   | Found a runed translucent door.
 15406 | Lair:4   | Identified the +9 mace of Wemasedgh {drain, rF+ MP+9 Dex+2}
 15735 | Lair:4   | Reached ****** piety under Jiyva
 16151 | Lair:5   | Entered Level 5 of the Lair of Beasts
 16151 | Lair:5   | Lost mutation: Your flesh is cold resistant. (rC+) [Jiyva's
                  | grace]
 16151 | Lair:5   | Lost mutation: Your gelatinous body deflects attacks. (AC
                  | +3, EV +3) [Jiyva's grace]
 16151 | Lair:5   | Gained mutation: Your mind is very acute. (Int +8, Str/Dex
                  | -2) [Jiyva's grace]
 16151 | Lair:5   | Gained mutation: Your flesh is heat resistant. (rF+)
                  | [Jiyva's grace]
 16151 | Lair:5   | Gained mutation: Your flesh is very heat resistant. (rF++)
                  | [Jiyva's grace]
 16151 | Lair:5   | Gained mutation: Your flesh is almost immune to the effects
                  | of heat. (rF+++) [Jiyva's grace]
 16170 | Lair:5   | Found a large runed translucent door.
 16170 | Lair:5   | Found a large runed translucent door.
 16328 | Lair:5   | Found a viscous altar of Jiyva.
 16328 | Lair:5   | Found a staircase to the Slime Pits.
 16367 | Lair:5   | Reached skill level 15 in Fighting
 16380 | Lair:5   | Reached skill level 22 in Dodging
 17849 | Orc:2    | Entered Level 2 of the Orcish Mines
 17849 | Orc:2    | Found a runed translucent door.
 17898 | Orc:2    | Reached skill level 1 in Armour
 17936 | Orc:2    | Found a staircase to the Elven Halls.
 17979 | Orc:2    | Reached XP level 15. HP: 127/128 MP: 12/15
 18229 | Orc:2    | Found Orejuq's Distillery.
 18256 | Orc:2    | Lost mutation: You are covered in fur. (AC +1) [Jiyva's
                  | grace]
 18256 | Orc:2    | Lost mutation: Your pliable body absorbs attacks. (AC +2,
                  | EV +2) [Jiyva's grace]
 18256 | Orc:2    | Lost mutation: You have a small jelly attached to you that
                  | may absorb projectiles. [Jiyva's grace]
 18256 | Orc:2    | Gained mutation: You are strong-willed. (Will+) [Jiyva's
                  | grace]
 18256 | Orc:2    | Gained mutation: You are highly strong-willed. (Will++)
                  | [Jiyva's grace]
 18256 | Orc:2    | Gained mutation: You are extremely strong-willed. (Will+++)
                  | [Jiyva's grace]
 18256 | Orc:2    | Gained mutation: Your translucent skin reduces your foes'
                  | accuracy. (Stealth+) [Jiyva's grace]
 18260 | Orc:2    | Bought a potion of heal wounds for 65 gold pieces
 18260 | Orc:2    | Bought a potion of haste for 130 gold pieces
 18260 | Orc:2    | Bought a potion of might for 52 gold pieces
 18271 | Orc:2    | Found a radiant altar of Vehumet.
 18300 | Orc:2    | Found Vesuwoidd's Distillery.
 18305 | Orc:2    | Noticed Nergalle
 18333 | Orc:2    | Killed Nergalle
 18392 | Orc:2    | Found Buiqotoiq's Book Shop.
 18441 | Orc:2    | Found an ancient bone altar of Kikubaaqudgha.
 18458 | Orc:2    | Found Geekhire's Antique Weapon Boutique.
 18522 | Orc:2    | Bought a runed glaive for 313 gold pieces
 18598 | Orc:2    | Noticed Nessos
 18612 | Orc:2    | Killed Nessos
 19300 | Orc:1    | Found a runed translucent door.
 19300 | Orc:1    | Found a shimmering altar of Xom.
 19300 | Orc:1    | Noticed Xelitey Juot's ghost (novice MiFi)
 19654 | D:12     | Killed Frances
 19705 | D:12     | Reached skill level 23 in Dodging
 20264 | D:13     | Found Esuwakh's Distillery.
 20272 | D:13     | Bought a potion of curing for 42 gold pieces
 20272 | D:13     | Bought a potion of curing for 42 gold pieces
 20492 | D:13     | Noticed a sphinx
 20506 | D:13     | Killed a sphinx
 20545 | D:13     | Identified the +10 short sword of the Hummingbird {vorpal,
                  | rC+ Will++ Str-4 Int-3}
 20866 | D:14     | Found a gate to the Vaults.
 20989 | D:14     | Lost mutation: You are agile. (Dex +4, Str/Int -1) [Jiyva's
                  | grace]
 20989 | D:14     | Lost mutation: Your mind is very acute. (Int +8, Str/Dex
                  | -2) [Jiyva's grace]
 20989 | D:14     | Lost mutation: Your flesh is almost immune to the effects
                  | of heat. (rF+++) [Jiyva's grace]
 20989 | D:14     | Gained mutation: You have a somewhat thin skeletal
                  | structure. (Dex +2, Stealth+) [Jiyva's grace]
 20989 | D:14     | Gained mutation: You have a moderately thin skeletal
                  | structure. (Dex +4, Stealth++) [Jiyva's grace]
 20989 | D:14     | Gained mutation: You have an unnaturally thin skeletal
                  | structure. (Dex +6, Stealth+++) [Jiyva's grace]
 20989 | D:14     | Gained mutation: You are agile. (Dex +4, Str/Int -1)
                  | [Jiyva's grace]
 21032 | D:14     | Noticed Rupert
 21044 | D:14     | Slimified Rupert
 21044 | D:14     | Noticed Rupert
 21044 | D:14     | Rupert changed into Rupert the acid blob
 21259 | D:14     | Found a portal to a secret trove of treasure.
 21547 | D:15     | Entered Level 15 of the Dungeon
 21793 | D:15     | Found a broken altar of Ashenzari.
 22133 | D:15     | Reached XP level 16. HP: 139/139 MP: 16/16
 22159 | D:15     | Found a staircase to the Depths.
 22801 | Slime:1  | Entered Level 1 of the Pits of Slime
 22804 | Slime:1  | Noticed a rockslime
 22812 | Slime:2  | Noticed a rockslime
 22812 | Slime:2  | Noticed an azure jelly
 22822 | Slime:3  | Noticed an acid blob
 22836 | Slime:5  | Entered Level 5 of the Pits of Slime
 22837 | Slime:5  | Noticed a rockslime
 22842 | Slime:5  | Noticed an acid blob
 22848 | Slime:5  | Noticed an acid blob
 22851 | Slime:5  | Noticed an azure jelly
 22853 | Slime:5  | Found a viscous altar of Jiyva.
 22855 | Slime:5  | Noticed an azure jelly
 22855 | Slime:5  | Noticed the Royal Jelly
 22855 | Slime:5  | Found the amulet of the Four Winds {rN+ Will+++ Clar}
 22855 | Slime:5  | Noticed an acid blob
 22855 | Slime:5  | Noticed an acid blob
 22856 | Slime:5  | Noticed an acid blob
 22856 | Slime:5  | Noticed an acid blob
 22857 | Slime:5  | Noticed an acid blob
 22861 | Slime:5  | Noticed a rockslime
 22873 | Slime:5  | Got a slimy rune of Zot
 22891 | Slime:5  | Identified the +0 chain mail of Misanthropy {Int+2 SInv}
 22933 | Slime:3  | Noticed an azure jelly
 23213 | Elf:1    | Entered Level 1 of the Elven Halls
 23680 | Elf:1    | Lost mutation: You are agile. (Dex +4, Str/Int -1) [Jiyva's
                  | grace]
 23680 | Elf:1    | Lost mutation: You are extremely strong-willed. (Will+++)
                  | [Jiyva's grace]
 23680 | Elf:1    | Lost mutation: Your translucent skin reduces your foes'
                  | accuracy. (Stealth+) [Jiyva's grace]
 23680 | Elf:1    | Gained mutation: You expend magic power (3 MP) to
                  | strengthen your wands. [Jiyva's grace]
 23680 | Elf:1    | Gained mutation: You have a pair of small horns on your
                  | head. [Jiyva's grace]
 23680 | Elf:1    | Gained mutation: You have a pair of horns on your head.
                  | [Jiyva's grace]
 23680 | Elf:1    | Gained mutation: You have a pair of large horns on your
                  | head. [Jiyva's grace]
 24220 | Elf:1    | Reached skill level 5 in Armour
 24350 | Elf:2    | Found a runed translucent gate.
 24351 | Elf:2    | Found a runed translucent gate.
 24351 | Elf:2    | Found a runed translucent gate.
 24494 | Elf:2    | Found Mopasyol's Book Shoppe.
 24536 | Elf:2    | Found Baeggilu's Weapon Shop.
 24634 | Elf:2    | Identified the +1 chain mail of Nuom {-Tele Rampage rPois
                  | Will+}
 25171 | Elf:2    | Reached skill level 24 in Dodging
 25332 | Elf:3    | Entered Level 3 of the Elven Halls
 25522 | Elf:3    | Lost mutation: You have a pair of large horns on your head.
                  | [Jiyva's grace]
 25522 | Elf:3    | Gained mutation: Your system is resistant to poisons.
                  | (rPois) [Jiyva's grace]
 25522 | Elf:3    | Gained mutation: You have an increased reservoir of magic.
                  | (+10% MP) [Jiyva's grace]
 25522 | Elf:3    | Gained mutation: You have a considerably increased
                  | reservoir of magic. (+20% MP) [Jiyva's grace]
 25522 | Elf:3    | Gained mutation: You have a greatly increased reservoir of
                  | magic. (+30% MP) [Jiyva's grace]
 25602 | Elf:3    | Found a runed translucent gate.
 25603 | Elf:3    | Found a runed translucent gate.
 25603 | Elf:3    | Found a runed translucent gate.
 25603 | Elf:3    | Noticed kalagan's ghost (adept DECj)
 25614 | Elf:3    | Found an iron altar of Okawaru.
 25979 | Elf:3    | Reached XP level 17. HP: 126/148 MP: 22/22
 26048 | Elf:3    | Identified the +9 rapier of Triumph {venom, Str+5}
 26048 | Elf:3    | Identified the +1 robe of Fallacy {rC+ rN+ Str+2 Int+3}
 26048 | Elf:3    | Identified the ring "Pepeloskyh" {rElec rPois MP-9 Str+6
                  | Dex+6}
 26049 | Elf:3    | Identified the +1 robe of Insecurity {Dex+2}
 26065 | Elf:3    | Identified the +8 short sword "Pirurr" {protect, rF+++ rC+
                  | rN+ Int-5}
 26065 | Elf:3    | Identified the ring of Autumn {rC+ Will+ Int+3}
 26074 | Elf:3    | Noticed a deep elf master archer
 26084 | Elf:3    | Noticed a deep elf master archer
 26084 | Elf:3    | Noticed a deep elf blademaster
 26089 | Elf:3    | Killed a deep elf master archer
 26096 | Elf:3    | Killed a deep elf master archer
 26106 | Elf:3    | Killed a deep elf blademaster
 26121 | Elf:3    | Noticed a deep elf blademaster
 26130 | Elf:3    | Killed a deep elf blademaster
 26159 | Elf:3    | Identified the +5 whip "Plog" {vorpal, rC- Int+4}
 26427 | Elf:3    | Identified the ring "Jiuju" {Fly Str+3 Dex+4}
 26533 | Elf:3    | Got the Spellbook of the Summer and Intoxication
 26541 | Elf:3    | Got Mnoleg's Opusculum on the Entourage and Imprecation
 26555 | Elf:3    | Identified the +0 chain mail of the Eternal Void {+Blink
                  | rCorr Int-3}
 26911 | Elf:2    | Noticed a deep elf blademaster
 26936 | Elf:2    | Mangled by a deep elf blademaster

Illustrated notes

Levels and vault maps discovered:
D:1:      tarquinn_simple_flora_water_b, layout_basic, basic_ecumenical_altar,
          patterned_corridor
D:2:      layout_loops_cross
D:3:      layout_loops_ring, mainiacjoe_overflow_concentric_impassable
D:4:      layout_loops_cross, serial_shops, nicolae_shop_trees, minmay_bisected,
          uniq_eustachio
D:5:      layout_rooms, mainiacjoe_overflow_alcove_1,
          hangedman_abyss_or_decor_stagger, grunt_decor_junction,
          kennysheep_generic_room_4, uniq_crazy_yiuf_cottage, uniq_grinder,
          uniq_ijyb
D:6:      nicolae_cairo_tiling, layout_loops_ring,
          eino_small_chamber_without_monster, minmay_divided_ellipse
D:7:      layout_cave_pods, lemuel_crystal_altar, minmay_temple_entry_offerings,
          amcnicky_mini_pool_small, bh_walls_and_bars
D:8:      layout_loops_ring, uniq_grum
D:9:      layout_loops_corners, tso_oasis_becter, minmay_lair_entry_grove,
          grunt_decor_fettered
D:10:     layout_cross
D:11:     layout_basic, uniq_erica
D:12:     minmay_the_grid_3x3 [minmay_the_grid_minigrid_medium,
          minmay_the_grid_garden, minmay_the_grid_outer_diamond,
          minmay_the_grid_spin_star, minmay_the_grid_expand,
          minmay_the_grid_stretched_grid, minmay_the_grid_minigrid_small_alt,
          minmay_the_grid_aliased_spiral, minmay_the_grid_prize_trominoes],
          layout_loops_ring, kennysheep_orc_monster_closet_entryway,
          uniq_frances
D:13:     cross_vault, layout_gridville, serial_shops, shop_fountains
D:14:     layout_basic, lightli_vaults_fourway_checkpoint, nicolae_benzene_ring,
          enter_trove_3, uniq_rupert
D:15:     grunt_enter_depths_magical_seal, layout_grid_maze, serial_shops,
          nicolae_shop_waterfront, nicolae_ashenzari_panopticon
Lair:1:   layout_hall_layers, serial_bayou_pond_c, uniq_urug
Lair:2:   layout_layer_cave, spider_nest_entry_web_field,
          portal_ice_cave_entry_imps, uniq_gastronok
Lair:3:   gammafunk_mikee_crab_dinner, layout_regular_city,
          nicolae_swamp_entry_splash_gauntlet, lemuel_fruit_tree
Lair:4:   layout_regular_city
Lair:5:   cheibrodos_lair_end_hotspot, layout_small_grid, slime_entry_1
Slime:1:  layout_caves, nicolae_slime_barrier
Slime:2:  cheibrodos_slime_lost_civilization_10, layout_caves
Slime:3:  layout_caves
Slime:4:  layout_caves
Slime:5
Orc:1:    layout_caves, ebering_ghost_xom
Orc:2:    kennysheep_orc_mage_school, layout_diamond_mine,
          lightli_church_of_beogh, uniq_nessos
Elf:1:    layout_loops_corners, hangedman_elf_disciples,
          wad_floor_pattern_untrapped
Elf:2:    nicolae_elf_blades_splatter_lattice
          [nicolae_blade_entry_area_security], layout_gridlike, serial_shops,
          shop, nicolae_stop_n_shop_1, serial_corexii_hall,
          chequers_hall_statues_y, chequers_hall_statues_wall_a
Elf:3:    grunt_elf_hall_asides, layout_onion_city,
          gammafunk_ghost_fury_of_okawaru

Skill      XL: |  1  2  3  4  5  6  7  8  9 10 11 12 13 14 15 16 17 |
---------------+----------------------------------------------------+-----
Polearms       | 5 6 7 8 10 12 14 15 16 18 20 21 | 21.7
Dodging        | 6 10 12 15 18 20 22 23 24 | 24.8
Fighting       | 3 5 7 9 11 13 15 16 17 18 | 18.2
Armour         | 1 4 5 7 |  7.0
Throwing       | |  2.0

Action                   |  1- 3 |  4- 6 |  7- 9 | 10-12 | 13-15 | 16-18 || total
-------------------------+-------+-------+-------+-------+-------+-------++-------
Melee: Trident           |   118 |   152 |   271 |   611 |  1479 |       ||  2631
       Punch             |     1 |     1 |     3 |    10 |    26 |       ||    41
       Headbutt          |       |       |    31 |   174 |   142 |    80 ||   427
       Bite              |       |       |    15 |    66 |   289 |    70 ||   440
       Quarterstaff      |       |       |       |    78 |       |       ||    78
       Tailslap          |       |       |       |       |     5 |       ||     5
       Glaive            |       |       |       |       |   402 |   565 ||   967
Throw: Throwing net      |       |       |       |     1 |     2 |       ||     3
Invok: Oozemancy         |       |     1 |     5 |    10 |    10 |     4 ||    30
       Slimify           |       |       |       |       |     1 |       ||     1
 Abil: Evoke Invisibilit |       |       |       |     1 |       |       ||     1
Evoke: Wand              |       |       |       |     3 |     7 |       ||    10
       Phial of floods   |       |       |       |       |     1 |       ||     1
       Tin of tremorston |       |       |       |       |       |     2 ||     2
  Use: Potion            |       |     3 |     4 |     5 |     7 |     3 ||    22
       Scroll            |       |       |     2 |     9 |    13 |     4 ||    28
 Stab: Sleeping          |     3 |     2 |     1 |       |    10 |    12 ||    28
       Distracted        |       |       |       |     1 |     8 |     4 ||    13
       Held in net/web   |       |       |       |       |     1 |       ||     1
Armor: Leather armour    |    21 |    26 |    38 |    11 |       |       ||    96
       Ring mail         |       |       |       |    55 |   191 |    38 ||   284
       Skin              |       |       |       |       |     2 |       ||     2
Dodge: Dodged            |    54 |    92 |   128 |   449 |  1748 |   350 ||  2821
